Map: Daybreak LE (Void)

Players

Erik - Winner!

  • Race: Zerg Zerg
  • Spawn Location: 7:00

Drager

  • Race: Protoss Protoss
  • Spawn Location: 1:00

Event: WESG 2016 Finals

VOD

Have the link to the VOD?

Description

Time

  • Played on: Jan. 12, 2017, 5:30 a.m.
  • Length: 11:24

All games in this series

Show
View Real Time Build Order
Export as new Build Order

Erik Zerg - Winner!

Build Orders: Pool First 

Get SALT Encoding   

  12  0:00  Drone  
  13  0:12  Overlord  
  13  0:17  Drone  
  14  0:30  Drone x2  
  14  0:32  Extractor  
  15  0:36  Drone  
  16  0:47  Spawning Pool  
  15  0:51  Drone  
  15  0:55  Drone  
  17  1:20  Hatchery  
  17  1:25  Drone  
  17  1:34  Metabolic Boost  
  17  1:35  Zergling x2  
  18  1:45  Queen  
  20  1:49  Zergling x2  
  21  1:55  Overlord  
  21  2:06  Drone  
  22  2:13  Drone  
  22  2:14  Drone  
  24  2:22  Queen  
  24  2:23  Drone  
  27  2:31  Queen  
  27  2:33  Drone  
  27  2:35  Drone  
  31  2:51  Zergling x2  
  31  2:57  Hatchery  
  31  3:02  Drone x2  
  31  3:03  Drone  
  34  3:08  Drone  
  34  3:10  Drone  
  36  3:18  Overlord  
  36  3:19  Overlord  
  36  3:24  Pneumatized Carapace  
  36  3:40  Drone x7  
  43  3:42  Drone  
  43  3:43  Drone  
  43  3:48  Drone  
  46  3:52  Drone  
  47  4:00  Evolution Chamber  
  46  4:04  Drone x2  
  46  4:05  Drone x2  
  50  4:16  Overlord  
  49  4:21  Queen x2  
  49  4:23  Roach Warren  
  52  4:24  Queen  
  52  4:28  Spore Crawler  
  52  4:30  Spore Crawler  
  52  4:34  Zergling x4  
  52  4:36  Zergling x2  
  55  4:41  Zergling x6  
  55  4:42  Spore Crawler, Zergling x2  
  58  4:47  Zergling x4  
  60  4:58  Lair  
  61  5:06  Spore Crawler  
  60  5:07  Drone x2  
  60  5:10  Drone x2  
  65  5:18  Hatchery  
  63  5:24  Overlord  
  63  5:29  Hatchery  
  63  5:30  Zerg Melee Weapons Level 1, Extractor  
  63  5:31  Extractor  
  63  5:34  Baneling Nest  
  63  5:35  Overlord  
  59  5:37  Drone  
  60  5:47  Drone x3  
  60  5:48  Drone x3  
  66  6:01  Glial Reconstitution  
  66  6:04  Overlord  
  66  6:08  Roach x5  
  66  6:11  Extractor  
  74  6:14  Drone  
  74  6:15  Overlord  
  75  6:22  Overlord  
  75  6:27  Roach x2  
  78  6:36  Roach x3  
  78  6:37  Roach x2  
  88  6:40  Roach  
  89  6:47  Roach  
  89  6:49  Roach x2  
  92  6:59  Ravager x2  
  92  7:00  Ravager  
  93  7:07  Drone x5  
  93  7:08  Drone  
  97  7:09  Roach  
  97  7:13  Roach  
  97  7:14  Zergling x2  
  97  7:15  Zergling x4  
  103  7:21  Roach  
  105  7:26  Overlord x3  
  101  7:42  Roach x3  
  101  7:43  Roach x2  
  104  7:44  Roach x2  
  104  7:48  Ravager  
  104  7:49  Ravager x2  
  110  7:51  Ravager  
  110  7:54  Roach  
  110  7:56  Roach  
  112  8:11  Roach x3  
  112  8:12  Roach x2  
  86  8:23  Roach x2  
  86  8:24  Roach x3  
  86  8:26  Roach  
  86  8:27  Roach x2  
  82  8:38  Zergling x2  
  82  8:39  Zergling x10  
  68  8:59  Zergling x2  
  68  9:00  Zergling x4  
  68  9:06  Roach x2  
  72  9:14  Roach  
  74  9:17  Roach x2  
  66  9:37  Roach x8  
  82  9:40  Ravager x2  
  82  9:41  Ravager  
  82  9:44  Roach x2  
  82  10:02  Roach x8  
  94  10:21  Roach  
  94  10:22  Roach x3, Overseer  
  102  10:30  Roach  
  102  10:31  Roach x2  
  96  10:51  Roach x6  
Show
View Real Time Build Order
Export as new Build Order

Drager Protoss 

Build Orders: 1 Gate Expand, Zealot Archon, Dark Templar Rush 

Get SALT Encoding   

  12  0:00  Probe (Chrono Boost)  
  13  0:11  Probe (Chrono Boost)  
  14  0:18  Pylon  
  14  0:22  Probe (Chrono Boost)  
  15  0:36  Probe (Chrono Boost)  
  15  0:38  Gateway  
  16  0:47  Probe (Chrono Boost)  
  16  0:49  Assimilator  
  17  0:57  Probe (Chrono Boost)  
  18  1:08  Probe (Chrono Boost)  
  19  1:24  Nexus  
  19  1:28  Probe (Chrono Boost)  
  20  1:38  Cybernetics Core  
  20  1:42  Probe (Chrono Boost)  
  21  1:47  Assimilator  
  21  1:53  Probe (Chrono Boost)  
  22  2:01  Pylon  
  22  2:03  Probe (Chrono Boost)  
  23  2:15  Adept  
  23  2:18  Warp Gate  
  23  2:20  Probe (Chrono Boost)  
  26  2:26  Twilight Council  
  26  2:33  Probe (Chrono Boost)  
  26  2:37  Probe (Chrono Boost)  
  29  2:45  Probe (Chrono Boost)  
  33  2:53  Probe (Chrono Boost)  
  33  2:56  Probe (Chrono Boost)  
  33  3:01  Robotics Facility  
  33  3:04  Probe (Chrono Boost)  
  34  3:06  Probe (Chrono Boost)  
  34  3:12  Dark Shrine  
  33  3:15  Probe (Chrono Boost)  
  33  3:17  Probe (Chrono Boost)  
  35  3:22  Gateway  
  35  3:25  Probe (Chrono Boost)  
  36  3:30  Gateway  
  36  3:35  Gateway  
  36  3:37  Probe (Chrono Boost)  
  36  3:40  Probe (Chrono Boost)  
  38  3:44  Pylon  
  38  3:47  Warp Prism  
  39  3:49  Probe (Chrono Boost)  
  39  3:55  Probe (Chrono Boost)  
  42  4:01  Assimilator, Probe (Chrono Boost)  
  43  4:03  Assimilator  
  43  4:05  Probe (Chrono Boost)  
  45  4:17  Probe (Chrono Boost)  
  45  4:23  Probe (Chrono Boost)  
  46  4:27  Pylon  
  46  4:29  Immortal  
  46  4:35  Probe (Chrono Boost)  
  46  4:36  Probe (Chrono Boost)  
  52  4:43  Pylon  
  52  4:46  Dark Templar x4  
  52  4:49  Pylon  
  60  5:04  Charge  
  60  5:06  Probe (Chrono Boost)  
  62  5:07  Probe (Chrono Boost)  
  62  5:12  Immortal  
  62  5:20  Pylon  
  56  5:23  Pylon  
  56  5:32  Pylon  
  56  5:46  Warp Prism  
  56  5:50  Zealot x3  
  56  5:52  Zealot  
  65  5:58  Gateway x2  
  65  6:01  Gateway  
  65  6:02  Gateway  
  65  6:05  Pylon  
  65  6:11  Pylon  
  65  6:12  Sentry x2  
  65  6:13  Dark Templar  
  65  6:14  Dark Templar  
  73  6:18  Archon  
  73  6:27  Pylon  
  73  6:35  Adept  
  73  6:36  Adept  
  77  6:46  Adept  
  79  6:50  Pylon x2  
  77  6:58  Dark Templar x2  
  77  7:00  Zealot  
  79  7:01  Zealot x2  
  81  7:10  Archon  
  81  7:16  Pylon  
  81  7:17  Pylon  
  81  7:19  Dark Templar  
  81  7:20  Dark Templar  
  81  7:21  Dark Templar x2  
  89  7:23  Archon  
  89  7:25  Archon  
  89  7:26  Zealot x2  
  93  7:32  Zealot x2  
  85  7:48  Dark Templar x2  
  89  7:52  Zealot x4  
  89  7:54  Archon  
  89  7:55  Zealot  
  89  7:57  Zealot  
  65  8:21  Zealot x5  
  65  8:26  Zealot x5  
  63  8:50  Zealot x4  
  61  9:06  Zealot x3  
  67  9:15  Zealot  
  69  9:28  Zealot x2  
  67  9:36  Zealot x2  
  69  9:52  Zealot x4  
  71  10:04  Zealot  
  59  10:21  Dark Templar x4  
  61  10:26  Archon x2  
  61  10:27  Zealot  
  61  10:28  Zealot  
  63  10:36  Zealot  
  63  10:44  Zealot, Immortal  
  55  10:57  Zealot x2  
  53  11:05  Zealot  
  53  11:06  Zealot  
  53  11:11  Zealot  
  37  11:19  Zealot x2  
Tags
 
Add a new tag
Caveats
  • Supply blocks, unpowered buildings, or Contaminate may cause inaccurate times.
  • Supply counts are checked every 10 seconds.